[ AOE2 MATCH · #505495210 ]
UnrankedPersians vs Chinese
Player's team · LOSS
Rival team · WIN
[ REPLAY ANALYSIS · EXTRACTED FROM THE RECORDED GAME ]
Feudal
—
Castle
—
Imperial
—
| APM avg | 27.8 |
| APM peak | 63 |
| eAPM avg | 10.4 |
| Villagers / military | 37 / 0 |
Focus
⚔️ 21.4% · 🌾 78.6%
Feudal
19:44
Castle
—
Imperial
—
| APM avg | 33.9 |
| APM peak | 61 |
| eAPM avg | 17.2 |
| Villagers / military | 24 / 0 |
Focus
⚔️ 38.9% · 🌾 61.1%
Match map
Initial resources + every placement click. Lines = walls · curves = elevation contours. ◆ gold · ⬟ stone · ● berries · ✦ relic · ◌ wall gap
Your base· Open — opponent sealed themselves in
inhoftah's base· ✓ Closed at 12:00 · 11t walls · no gate
Smoothed initial terrain · ◌ = detected wall gap · hover for details
Inputs per minute
— matias_dka - - inhoftah
Build order — matias_dka
45 actions detected in the replay
| 0:01 | Create | Villager (Male) |
| 0:01 | Create | Villager (Male) |
| 0:03 | Build | House |
| 0:04 | Build | House |
| 0:24 | Create | Villager (Male) |
| 0:24 | Create | Villager (Male) |
| 0:56 | Create | Villager (Male) |
| 0:57 | Create | Villager (Male) |
| 0:57 | Create | Villager (Male) |
| 1:19 | Research | Loom |
| 1:25 | Create | Villager (Male) |
| 1:26 | Create | Villager (Male) |
| 1:26 | Create | Villager (Male) |
| 3:39 | Create | Villager (Male) |
| 3:40 | Create | Villager (Male) |
| 3:40 | Create | Villager (Male) |
| 4:29 | Create | Villager (Male) |
| 4:29 | Create | Villager (Male) |
| 4:59 | Create | Villager (Male) |
| 4:59 | Create | Villager (Male) |
| 5:00 | Create | Villager (Male) |
| 6:23 | Create | Villager (Male) |
| 6:23 | Create | Villager (Male) |
| 6:23 | Create | Villager (Male) |
| 9:04 | Build | Town Center |
| 9:40 | Build | Palisade Wall |
| 9:42 | Build | Palisade Wall |
| 9:44 | Build | Palisade Wall |
| 13:14 | Create | Villager (Male) |
| 13:14 | Create | Villager (Male) |
| 14:13 | Create | Villager (Male) |
| 14:13 | Create | Villager (Male) |
| 16:13 | Create | Villager (Male) |
| 16:13 | Create | Villager (Male) |
| 16:13 | Create | Villager (Male) |
| 17:26 | Create | Villager (Male) |
| 17:26 | Create | Villager (Male) |
| 18:05 | Create | Villager (Male) |
| 18:05 | Create | Villager (Male) |
| 18:57 | Create | Villager (Male) |
| 18:57 | Create | Villager (Male) |
| 18:57 | Create | Villager (Male) |
| 19:20 | Build | House |
| 19:27 | Create | Villager (Male) |
| 19:28 | Create | Villager (Male) |
Build order — inhoftah
73 actions detected in the replay
| 0:03 | Build | House |
| 0:05 | Build | House |
| 0:10 | Research | Loom |
| 1:34 | Build | Palisade Wall |
| 1:56 | Create | Villager (Male) |
| 2:36 | Build | House |
| 2:46 | Create | Villager (Male) |
| 3:28 | Create | Villager (Male) |
| 3:51 | Create | Villager (Male) |
| 4:45 | Create | Villager (Male) |
| 4:56 | Create | Villager (Male) |
| 5:26 | Create | Villager (Male) |
| 6:13 | Create | Villager (Male) |
| 6:17 | Build | Palisade Wall |
| 6:26 | Create | Villager (Male) |
| 7:16 | Create | Villager (Male) |
| 7:22 | Create | Villager (Male) |
| 7:33 | Build | House |
| 7:38 | Build | Palisade Wall |
| 8:03 | Create | Villager (Male) |
| 8:16 | Create | Villager (Male) |
| 8:39 | Create | Villager (Male) |
| 9:24 | Build | Palisade Wall |
| 9:36 | Create | Villager (Male) |
| 9:59 | Build | Lumber Camp |
| 10:09 | Create | Villager (Male) |
| 10:45 | Create | Villager (Male) |
| 11:33 | Create | Villager (Male) |
| 11:43 | Build | Palisade Wall |
| 12:22 | Create | Villager (Male) |
| 12:44 | Build | Mill |
| 13:26 | Build | Palisade Wall |
| 13:48 | Build | Palisade Wall |
| 13:49 | Build | Palisade Wall |
| 13:50 | Build | Palisade Wall |
| 13:51 | Build | Palisade Wall |
| 13:52 | Build | Palisade Wall |
| 13:54 | Create | Villager (Male) |
| 14:32 | Create | Villager (Male) |
| 14:41 | Build | House |
| 14:45 | Build | Palisade Wall |
| 14:47 | Build | Palisade Wall |
| 14:47 | Build | Palisade Wall |
| 15:08 | Create | Villager (Male) |
| 15:54 | Build | Town Center |
| 15:57 | Build | Palisade Wall |
| 16:10 | Build | House |
| 16:11 | Build | House |
| 16:20 | Build | Palisade Wall |
| 16:20 | Build | Palisade Wall |
| 16:21 | Build | Palisade Wall |
| 16:22 | Build | Palisade Wall |
| 16:24 | Build | Palisade Wall |
| 16:24 | Build | Palisade Wall |
| 17:09 | Create | Villager (Male) |
| 17:14 | Research | Feudal Age |
| 17:33 | Build | Palisade Wall |
| 17:44 | Build | Mill |
| 17:45 | Build | Farm |
| 17:46 | Build | Farm |
| 17:47 | Build | Farm |
| 17:48 | Build | Farm |
| 17:49 | Build | Farm |
| 18:27 | Build | House |
| 18:35 | Build | Farm |
| 18:46 | Build | Farm |
| 18:50 | Build | Farm |
| 19:34 | Build | Farm |
| 19:36 | Build | Farm |
| 19:44 | Age | Feudal Age |
| 19:49 | Build | Market |
| 19:55 | Create | Villager (Male) |
| 19:57 | Build | Blacksmith |
Match timeline
| 1:34 | inhoftah · wall_segment Palisade Wall x8 |
| 6:17 | inhoftah · wall_segment Palisade Wall x1 |
| 7:38 | inhoftah · wall_segment Palisade Wall x1 |
| 9:24 | inhoftah · wall_segment Palisade Wall x1 |
| 9:40 | matias_dka · wall_segment Palisade Wall x1 |
| 9:42 | matias_dka · wall_segment Palisade Wall x1 |
| 9:44 | matias_dka · wall_segment Palisade Wall x1 |
| 11:43 | inhoftah · wall_segment Palisade Wall x1 |
| 13:26 | inhoftah · wall_segment Palisade Wall x1 |
| 13:48 | inhoftah · wall_segment Palisade Wall x1 |
| 13:49 | inhoftah · wall_segment Palisade Wall x1 |
| 13:50 | inhoftah · wall_segment Palisade Wall x1 |
| 13:51 | inhoftah · wall_segment Palisade Wall x1 |
| 13:52 | inhoftah · wall_segment Palisade Wall x1 |
| 14:45 | inhoftah · wall_segment Palisade Wall x3 |
| 14:47 | inhoftah · wall_segment Palisade Wall x2 |
| 14:47 | inhoftah · wall_segment Palisade Wall x1 |
| 15:57 | inhoftah · wall_segment Palisade Wall x1 |
| 16:20 | inhoftah · wall_segment Palisade Wall x1 |
| 16:20 | inhoftah · wall_segment Palisade Wall x1 |
| 16:21 | inhoftah · wall_segment Palisade Wall x1 |
| 16:22 | inhoftah · wall_segment Palisade Wall x1 |
| 16:24 | inhoftah · wall_segment Palisade Wall x1 |
| 16:24 | inhoftah · wall_segment Palisade Wall x1 |
| 17:33 | inhoftah · wall_segment Palisade Wall x6 |
| 19:44 | inhoftah · age_up feudal |
| 19:58 | matias_dka · resign |
[ AI ANALYSIS · 1 CREDIT ]
What really happened in this match?
Wolo.gg analyzes every decision: build order, eco, micro, common mistakes by bracket. Personalized analysis on WhatsApp or Discord in 30 seconds.
Civ guide
Persians
Perfil
Jugador #2090196